 Dungeon Crawl Stone Soup version 0.23.2-1-ga50397a (webtiles) character file.

Game seed: 64351348030752778

116 Kairos the Shooter (level 4, -2/37 HPs)
             Began as a Centaur Hunter on Apr 23, 2019.
             Slain by Terence
             ... wielding a +2 mace of protection
              (9 damage)
             ... on level 3 of the Dungeon.
             The game lasted 00:02:59 (1492 turns).

Kairos the Shooter (Centaur Hunter)                 Turns: 1492, Time: 00:03:00

Health: -2/37      AC:  5    Str: 14    XL:     4   Next: 69%
Magic:  4/4        EV:  6    Int: 10    God:
Gold:   64         SH:  0    Dex: 11    Spells: 3/3 levels left

rFire    . . .     SeeInvis .   j - +0 spear
rCold    . . .     Gourm    .   (no shield)
rNeg     . . .     Faith    .   c - +0 leather armour
rPois    .         Spirit   .   e - +0 helmet
rElec    .         Reflect  .   (no cloak)
rCorr    .         Harm     .   (no gloves)
MR       .....                  (no barding)
Stlth    +.........             (no amulet)
HPRegen  0.12/turn              m - ring of wizardry
MPRegen  0.09/turn              n - -3 ring of evasion (curse)

@: very slightly contaminated, very quick
A: large, hooves 3, deformed body, speed 2, tough skin 3
a: no special abilities


You were on level 3 of the Dungeon.
You were hungry.

You visited 1 branch of the dungeon, and saw 3 of its levels.

You collected 64 gold pieces.

Inventory:

Hand Weapons
 a - a +1 shortbow
 b - a +0 short sword
 j - a +0 spear (weapon)
Missiles
 d - 11 arrows
Armour
 c - a +0 leather armour (worn)
 e - a +0 helmet (worn)
Jewellery
 m - a ring of wizardry (left hand)
 n - a cursed -3 ring of evasion (right hand)
Scrolls
 h - 3 scrolls of teleportation
Potions
 g - 2 potions of might
 k - 2 potions of curing {unknown}
 l - 2 potions of flight
 o - a potion of resistance {unknown}
 p - a potion of haste {unknown}
 q - a potion of invisibility
Comestibles
 f - 6 rations
 r - 3 chunks of flesh


   Skills:
 + Level 2.3 Fighting
 + Level 0.3 Polearms
 + Level 7.4 Bows
 + Level 0.2 Armour
 + Level 1.8 Dodging
 + Level 0.4 Stealth


You had 3 spell levels left.
You didn't know any spells.
Your spell library was empty.

Dungeon Overview and Level Annotations

Branches:
Dungeon (3/15)

Altars:
Trog

Annotations:
D:3 Sigmund, Terence


Innate Abilities, Weirdness & Mutations

You have hooves in place of feet.
Armour fits poorly on your strangely shaped body.
You cover ground very quickly.
You have extremely tough skin. (AC +3)


Message History

A ball python comes into view.
The ball python hisses angrily.
Found a scroll of magic mapping.
Attack whom?
Press: ? - help, Dir - move target cursor, f - Terence
Aim: Terence, wielding a +2 mace of protection and wearing a +0 scale mail You reach to attack!
You hit Terence but do no damage. You hit Terence but do no damage.
You kick Terence.
Terence is moderately wounded.
Terence hits you with a +2 mace of protection.
You are too injured to fight recklessly!
You are too injured to fight recklessly!
You are too injured to fight recklessly!
You are too injured to fight recklessly!
Terence hits you with a +2 mace of protection!
* * * LOW HITPOINT WARNING * * *
You are too injured to fight recklessly!
You are too injured to fight recklessly!
Terence hits you with a +2 mace of protection!
You die...

.... ..? .. # ## # #. .#
. ##.#.#.####.##### #
...............##.#######
##......S...........)w...
#######@##..############
#@# ..... ....... #.#
.### ######. #.# .# . #.
#.# # #.## #.# ###.## #.#
.....# #.##### #...
#.#...# ##.# #.....#.#
#.#


You could see Terence and a ball python.

Vanquished Creatures
  5 adders (D:2)
  3 worms (D:2)
  A dart slug (D:1)
  A leopard gecko (D:1)
  3 orcs (D:3)
  2 ball pythons
  2 giant cockroaches (D:1)
  4 goblins
  10 hobgoblins
  9 kobolds
  A quokka (D:2)
  8 bats
  3 frilled lizards
  7 rats
59 creatures vanquished.

Notes
Turn   | Place    | Note
-------+----------+-------------------------------------------
     0 | D:1      | Kairos the Centaur Hunter began the quest for the Orb.
     0 | D:1      | Reached XP level 1. HP: 17/17 MP: 1/1
   294 | D:1      | Reached XP level 2. HP: 22/24 MP: 2/2
   718 | D:1      | Reached skill level 6 in Bows
   834 | D:2      | Reached XP level 3. HP: 29/29 MP: 3/3
   984 | D:2      | Reached skill level 7 in Bows
   984 | D:2      | Reached XP level 4. HP: 22/36 MP: 4/4
  1379 | D:3      | Noticed a moth of wrath
  1382 | D:3      | Found a bloodstained altar of Trog.
  1421 | D:3      | Noticed Sigmund
  1481 | D:3      | Noticed Terence
  1492 | D:3      | Slain by Terence

Skill      XL: |  1  2  3 |
---------------+----------+-----
Bows           | 6 7 |  7.4
Fighting       | |  2.3
Polearms       | |  0.3
Armour         | |  0.2
Dodging        | |  1.8
Stealth        | |  0.4

Action                   |  1- 3 |  4- 6 || total
-------------------------+-------+-------++-------
Melee: Spear             |       |    67 ||    67
       Kick              |       |    13 ||    13
 Fire: Shortbow          |   108 |    17 ||   125
  Use: Scroll            |     2 |     3 ||     5
       Potion            |       |     1 ||     1
 Stab: Invisible         |       |     1 ||     1
Armor: Leather armour    |    16 |    22 ||    38
Dodge: Dodged            |    11 |    16 ||    27
